 Seeded DCSS version 0.27-a0-972-gd1521fd518 (webtiles) character file.

Game seed: 20210414 (custom seed)

7 muata the Insei (level 2, 0/22 HPs)
             Began as a Djinni Transmuter on Apr 14, 2021.
             Slain by a jackal (1 damage)
             ... on level 1 of the Dungeon.
             The game lasted 00:01:03 (283 turns).

muata the Insei (Djinni Transmuter)                  Turns: 283, Time: 00:01:03

Health: 0/22       AC:  2    Str:  9    XL:     2   Next: 0%
Gold:   0          EV: 12    Int: 14    God:
                   SH:  0    Dex: 13

rFire    + + .     SeeInvis .   b - +0 dagger
rCold    x . .     Faith    .   (no shield)
rNeg     . . .     Spirit   .   a - +0 robe
rPois    ∞         Reflect  .   (helmet currently unavailable)
rElec    .         Harm     .   (no cloak)
rCorr    .         Rampage  .   (no gloves)
Will     .....                  (boots unavailable)
Stlth    +.........             (no amulet)
HPRegen  0.07/turn              (no ring)
MPRegen  0.00/turn              (no ring)

@: appendages (expiring), flying
A: horns 2, flying, fire resistance 2, cold vulnerability 1, float, innate
caster, hp casting, extra vitality 1
a: End Transformation


You were on level 1 of the Dungeon.
You had temporarily grown beastly horns.
You visited 1 branch of the dungeon, and saw 1 of its levels.

Inventory:

Hand Weapons
 b - a +0 dagger (weapon)
Armour
 a - a +0 robe (worn)


   Skills:
 - Level 1.0 Fighting
 - Level 2.1 Dodging
 - Level 3.0 Unarmed Combat
 + Level 2.3 Spellcasting


You couldn't memorise any spells.
You knew the following spells:

 Your Spells              Type           Power      Damage    Failure   Level
a - Beastly Appendage     Tmut           16%        N/A       9%          1
b - Wereblood             Tmut           8%         N/A       14%         2
c - Spider Form           Tmut/Pois      4%         N/A       26%         3
d - Ice Form              Ice/Tmut       8%         N/A       65%         4
e - Hydra Form            Tmut           4%         N/A       94%         5
Your spell library was empty.

Dungeon Overview and Level Annotations

Branches:
Dungeon (1/15)

Altars:


Innate Abilities, Weirdness & Mutations

You have temporarily grown beastly horns.
You are flying.
You are immune to poison.
Your flesh is very heat resistant. (rF++)
You are vulnerable to cold. (rC-)
You float through the air rather than walking.
You learn spells naturally, not from books.
Your magical power is your life essence.
You have superior vitality. (+4 HP)


Message History

You hit the hobgoblin.
The hobgoblin is almost dead.
The jackal closely misses you. x2; The hobgoblin closely misses you.
You barely miss the hobgoblin.
The hobgoblin is almost dead.
The jackal barely misses you.
A giant cockroach comes into view.
The hobgoblin barely misses you.
You hit the hobgoblin.
You kill the hobgoblin!
The jackal misses you. The jackal bites you.
You barely miss the endoplasm.
Your transformation is almost over.
The jackal closely misses you. The endoplasm freezes you.
You are frozen.
You feel a terrible chill!
You hit the endoplasm.
The endoplasm is lightly wounded.
The jackal misses you. The endoplasm freezes you.
You are frozen.
You feel a terrible chill!
* * * LOW HITPOINT WARNING * * *
You hit the endoplasm. Your headbutt misses the endoplasm.
The endoplasm is moderately wounded.
The jackal misses you.
A jackal comes into view.
The jackal bites you but does no damage.
The endoplasm freezes you.
You are frozen.
You feel a terrible chill!
* * * LOW HITPOINT WARNING * * *
The jackal barks!
You hit the endoplasm. You headbutt the endoplasm.
You kill the endoplasm!
The jackal misses you.
You have reached level 2!
A jackal comes into view.
You barely miss the jackal.
The jackal barks!
The jackal barely misses you. The jackal bites you.
You die...

#.. #.# #.# #.# .
#.# # ... #.#.#
..
.....####.#.#h...
.....)†@hh.......
.....####B###....
### #.# . #######
#.# .......####.#
.......#....#
.......#....#
............#
........#####


You could see 3 jackals and a giant cockroach.

Vanquished Creatures
  An endoplasm (D:1)
  A goblin (D:1)
  A hobgoblin (D:1)
  2 bats (D:1)
  A rat (D:1)
6 creatures vanquished.

Notes
Turn   | Place    | Note
-------+----------+-------------------------------------------
     0 | D:1      | muata the Djinni Transmuter began the quest for the Orb.
     0 | D:1      | Reached XP level 1. HP: 17/17 MP: 0/0
   283 | D:1      | Reached XP level 2. HP: 1/22 MP: 0/0
   283 | D:1      | Slain by a jackal

Illustrated notes

Levels and vault maps discovered:
D:1:      erik_arrival_cave_to_civilisation [erik_arrival_cave_to_temple],
          layout_basic, grunt_decor_cap

Skill      XL: |  1 |
---------------+----+-----
Spellcasting   | 2 |  2.3
Fighting       | |  1.0
Dodging        | |  2.1
Unarmed Combat | |  3.0

Action                   || total
-------------------------++-------
Melee: Dagger            ||    12
       Unarmed           ||     6
       Headbutt          ||     3
 Cast: Beastly Appendage ||     2
Armor: Robe              ||     7
Dodge: Dodged            ||    27

Table legend: (Time is in decaauts)
 A = Elapsed time spent in this place.
 B = Non-inter-level travel time spent in this place.
 C = Inter-level travel time spent in this place.
 D = Time resting spent in this place.
 E = Time spent auto-exploring this place.
 F = Levels seen in this place.
 G = Mean time per level.
                   A        B        C        D        E       F      G
               +--------+--------+--------+--------+--------+-----+--------+
         Total |    282 |    282 |      0 |      0 |    228 |   1 |  282.0 |
       Dungeon |    282 |    282 |      0 |      0 |    228 |   1 |  282.0 |
               +--------+--------+--------+--------+--------+-----+--------+

Top non-repeatable levels by time:
     D:1: 282 daAuts
